AoeStats
← RIO1000

Arabia

506553475Analyzed
4v4 RM · 19d ago on Sep 14, 2026· 70m 33s· 8 players
Game mode
Random Map
Map size
Large (8 player)
Population
200
Speed
Normal
Resources
Standard
Victory
Conquest
Starting age
Dark Age
Ending age
Imperial Age
RankedLock teamsTeams togetherTeam positionsShared explorationLock speedFull tech treeHidden civsTurbo modeCheats
Victory
Defeat
🇺🇸 Bengalis · United States
1083
+15
🇺🇸 Mongols · United States
1048
+16
🇲🇽 Poles · Mexico
1027
+17
🇷🇴 Burgundians · Romania
1015
+18
🇲🇽 Bohemians · Mexico
1139
-20
🇦🇷 Ethiopians · Argentina
1051
-16
🇻🇪 Magyars · Venezuela
1031
-16
🇨🇱 Burgundians · Chile
990
-14
Jared G
5:20 Loom
12:55 Feudal Age
19:24 Castle Age
18:11 Double-Bit Axe
19:34 Horse Collar
21:13 Bow Saw
23:20 Wheelbarrow
23:25 Heavy Plow
28:43 Hand Cart
33:36 Imperial Age
31:07 Gold Mining
33:07 Fletching
33:18 Padded Archer Armor
34:02 Town Watch
34:16 Bodkin Arrow
33:44 Elite Elephant Archer
35:07 Leather Archer Armor
34:15 Elite Skirmisher
36:03 Two-Man Saw
35:37 Crop Rotation
34:38 Onager
36:53 Bracer
37:23 Ring Archer Armor
38:27 Forging
38:23 Scale Barding Armor
37:41 Pikeman
38:21 Squires
39:36 Conscription
39:25 Paiks
40:52 Ballistics
41:32 Chemistry
40:57 Chain Barding Armor
42:11 Halberdier
43:41 Iron Casting
43:47 Arson
48:16 Town Patrol
50:37 Husbandry
50:48 Bloodlines
49:58 Light Cavalry
52:20 Blast Furnace
51:56 Plate Barding Armor
51:39 Murder Holes
59:09 Elite Battle Elephant
spencer.sounder
5:01 Loom
10:53 Feudal Age
15:46 Double-Bit Axe
20:32 Castle Age
21:28 Horse Collar
22:01 Bow Saw
21:21 Pikeman
25:48 Bloodlines
26:47 Fletching
30:21 Forging
31:59 Elite Skirmisher
37:29 Gold Mining
39:36 Bodkin Arrow
39:42 Padded Archer Armor
40:17 Iron Casting
40:20 Ballistics
40:22 Stone Mining
41:22 Husbandry
41:58 Masonry
41:43 Murder Holes
42:52 Thumb Ring
42:41 Light Cavalry
45:06 Wheelbarrow
46:10 Leather Archer Armor
46:02 Scale Barding Armor
49:50 Imperial Age
51:01 Hand Cart
50:09 Capped Ram
51:38 Parthian Tactics
52:40 Town Watch
52:58 Bracer
53:58 Blast Furnace
53:52 Gold Shaft Mining
53:22 Heavy Plow
54:08 Chain Barding Armor
55:20 Conscription
54:59 Heavy Camel Rider
55:19 Siege Ram
57:06 Hoardings
57:17 Elite Mangudai
59:13 Chemistry
69:59 Hussar
RIO1000
5:56 Loom
9:50 Feudal Age
10:27 Double-Bit Axe
18:38 Castle Age
17:56 Horse Collar
19:50 Bow Saw
19:43 Heavy Plow
19:37 Gold Mining
21:33 Bloodlines
22:40 Husbandry
25:02 Forging
25:54 Scale Barding Armor
26:43 Wheelbarrow
27:37 Chain Barding Armor
29:58 Iron Casting
30:44 Hand Cart
31:35 Stone Mining
34:22 Stone Shaft Mining
35:15 Szlachta Privileges
42:35 Imperial Age
42:37 Cavalier
43:55 Conscription
45:19 Blast Furnace
SyL1on
10:21 Feudal Age
9:21 Double-Bit Axe
9:18 Horse Collar
10:51 Wheelbarrow
11:32 Bow Saw
11:53 Heavy Plow
20:01 Castle Age
22:18 Pikeman
24:19 Two-Man Saw
25:14 Hand Cart
28:50 Squires
28:36 Arson
30:01 Stone Mining
44:52 Imperial Age
45:37 Gold Mining
46:23 Stone Shaft Mining
47:14 Crop Rotation
48:56 Light Cavalry
49:01 Halberdier
49:56 Hussar
50:50 Scale Barding Armor
50:46 Scale Mail Armor
50:56 Forging
54:08 Chemistry
55:39 Chain Barding Armor
55:35 Chain Mail Armor
55:56 Iron Casting
70:11 Plate Barding Armor
70:06 Plate Mail Armor
70:38 Blast Furnace
69:40 Padded Archer Armor
69:30 Fletching
Iztacoyolt
10:19 Feudal Age
10:27 Loom
14:38 Forging
15:23 Scale Barding Armor
18:26 Double-Bit Axe
20:45 Castle Age
19:26 Horse Collar
21:18 Wheelbarrow
20:29 Town Watch
21:38 Bow Saw
21:29 Heavy Plow
21:29 Light Cavalry
22:10 Husbandry
23:57 Chemistry
22:58 Light Cavalry
30:51 Hand Cart
36:41 Fletching
36:52 Padded Archer Armor
40:23 Imperial Age
40:32 Crossbowman
41:26 Fletching
41:36 Padded Archer Armor
42:16 Iron Casting
42:06 Bodkin Arrow
41:49 Elite Skirmisher
43:18 Leather Archer Armor
44:03 Arbalester
46:19 Bracer
48:24 Ring Archer Armor
51:04 Chain Barding Armor
50:44 Scale Mail Armor
51:20 Iron Casting
51:21 Light Cavalry
54:01 Blast Furnace
54:02 Coinage
56:20 Ballistics
60:08 Caravan
64:00 Scale Mail Armor
hidalgo220
10:03 Feudal Age
10:27 Loom
11:08 Double-Bit Axe
17:23 Castle Age
16:45 Wheelbarrow
18:49 Bow Saw
21:29 Horse Collar
24:34 Corvinian Army
25:20 Scale Barding Armor
26:21 Heavy Plow
28:44 Hand Cart
29:48 Town Watch
30:47 Chain Barding Armor
34:27 Imperial Age
32:48 Town Patrol
34:39 Elite Magyar Huszar
36:33 Plate Barding Armor
36:41 Conscription
37:23 Parthian Tactics
36:51 Fletching
37:01 Padded Archer Armor
38:32 Bodkin Arrow
38:53 Leather Archer Armor
38:50 Thumb Ring
41:22 Ballistics
42:36 Bracer
43:06 Ring Archer Armor
44:41 Gold Mining
47:18 Chemistry
46:38 Recurve Bow
47:27 Heavy Cavalry Archer
55:33 Elite Skirmisher
64:39 Two-Man Saw
64:02 Murder Holes
Lukitasmdp150
4:08 Loom
11:02 Feudal Age
14:28 Double-Bit Axe
21:38 Castle Age
21:20 Fletching
23:00 Wheelbarrow
22:08 Crossbowman
24:29 Horse Collar
29:29 Forging
29:21 Scale Mail Armor
30:03 Gold Mining
32:14 Bodkin Arrow
32:20 Padded Archer Armor
37:11 Imperial Age
34:59 Hand Cart
36:02 Town Watch
37:58 Gold Shaft Mining
38:17 Conscription
39:05 Bow Saw
40:32 Chemistry
41:05 Leather Archer Armor
40:52 Bracer
40:17 Arbalester
42:21 Ballistics
42:20 Torsion Engines
44:59 Town Patrol
47:23 Chain Mail Armor
47:44 Iron Casting
47:43 Halberdier
49:08 Caravan
51:30 Blast Furnace
51:01 Plate Mail Armor
53:12 Ring Archer Armor
GERMANICO7222
7:14 Loom
10:07 Feudal Age
8:41 Double-Bit Axe
15:22 Horse Collar
17:56 Scale Barding Armor
18:54 Forging
22:47 Bow Saw
22:38 Heavy Plow
22:31 Gold Mining
24:52 Castle Age
25:00 Wheelbarrow
24:59 Cavalier
25:40 Husbandry
26:05 Chain Barding Armor
26:52 Iron Casting
27:51 Scale Mail Armor
37:02 Chain Mail Armor
37:56 Squires
37:42 Arson
39:52 Stone Mining
40:37 Gold Shaft Mining
42:30 Hand Cart
42:00 Town Watch
46:16 Imperial Age
45:16 Padded Archer Armor
48:10 Blast Furnace
47:40 Plate Mail Armor
47:46 Plate Barding Armor
48:58 Paladin
49:12 Paladin
50:22 Ballistics
51:03 Chemistry
54:26 Burgundian Vineyards
63:12 Pikeman
Connection lost

Rejoining the realm…

Still unreachable

The connection could not be restored.

Session expired

The server has moved on; the page needs a fresh start.